 Dungeon Crawl Stone Soup version 0.28.0-53-g5a82cb258f (webtiles) character file.

Game seed: 5653367707473501032

41 Holzbalken the Chopper (level 3, 0/27 HPs)
             Began as a Demonspawn Gladiator on May 26, 2022.
             Frozen to death by an endoplasm (4 damage)
             ... on level 2 of the Dungeon.
             The game lasted 00:02:53 (1331 turns).

Holzbalken the Chopper (Demonspawn Gladiator)       Turns: 1331, Time: 00:02:54

Health: 0/27       AC:  9    Str: 16    XL:     3   Next: 32%
Magic:  3/3        EV:  7    Int:  9    God:
Gold:   41         SH:  0    Dex: 14    Spells: 2/2 levels left

rFire   . . .      SeeInvis .   a - +0 war axe
rCold   . . .      Faith    .   (no shield)
rNeg    . . .      Spirit   .   l - +0 chain mail
rPois   .          Reflect  .   c - +0 helmet
rElec   .          Harm     .   (no cloak)
rCorr   .          Rampage  .   (no gloves)
Will    .....                   (no boots)
Stlth   ..........              (no amulet)
HPRegen 0.09/turn               (no ring)
MPRegen 0.08/turn               (no ring)

@: no status effects
A: spiny 1
a: no special abilities


You were on level 2 of the Dungeon.
You visited 1 branch of the dungeon, and saw 2 of its levels.

You collected 41 gold pieces.

Inventory:

Hand Weapons
 a - a +0 war axe (weapon)
Missiles
 d - 3 throwing nets (quivered)
Armour
 b - a +0 leather armour
 c - a +0 helmet (worn)
 l - a +0 chain mail (worn)
Scrolls
 i - a scroll of enchant weapon {unknown}
 j - a scroll of vulnerability {unknown}
 k - 2 scrolls of identify {unknown}
Potions
 e - a potion of invisibility {unknown}
 f - 3 potions of degeneration {unknown}
 g - 2 potions of might {unknown}
 h - a potion of brilliance {unknown}
 m - a potion of attraction {unknown}


   Skills:
 - Level 2.0 Fighting
 + Level 4.0 Axes
 - Level 1.7 Throwing
 - Level 2.6 Dodging


You had 2 spell levels left.
You didn't know any spells.
Your spell library was empty.

Dungeon Overview and Level Annotations

Branches:
Dungeon (2/15)

Altars:

Annotations:
D:2 Terence


Innate Abilities, Weirdness & Mutations

You are partially covered in sharp spines.


Message History

You start putting on your armour.
You continue putting on your +0 chain mail. x5
You finish putting on your +0 chain mail.
m - a murky red potion;
f - 3 viscous grey potions (gained 1)
Found a stone staircase leading down.
Found 16 arrows.
Found a stone staircase leading up.
There is an open door here.
You open the door.
There is an open door here.
Found 16 arrows.
There is a large open door here.
There is a large open door here.
You see here 16 arrows.
Terence the Incautious comes into view.
He is wielding a +3 flail of holy wrath.
Terence shouts!
An endoplasm comes into view.
The endoplasm quivers.
Terence hits you with a +3 flail of holy wrath.
You convulse.
You hit Terence.
Terence is lightly wounded.
Terence is struck by your spines.
Terence hits you with a +3 flail of holy wrath.
You convulse.
You hit Terence.
Terence is heavily wounded.
Terence hits you but does no damage. The endoplasm freezes you.
You are frozen.
* * * LOW HITPOINT WARNING * * *
You hit Terence.
Terence is severely wounded.
You hit the endoplasm.
Terence hits you with a +3 flail of holy wrath.
* * * LOW HITPOINT WARNING * * *
You convulse.
* * * LOW HITPOINT WARNING * * *
The endoplasm freezes you.
You are frozen.
You die...

####'##................
##...(....#.#
....#####.
#..........#.# ...'.
#............# ####.
#......##.##.# #.
#...##.#.....# #. #...
#.#..#.## ## #...
#......# #.. #..@...#
#.J@...# #......#
#.#..#.# #.#..#.#
#.#..#.# #.#..# #..#


You could see Terence and an endoplasm.

Vanquished Creatures
  2 worms (D:2)
  A dart slug (D:1)
  3 endoplasms
  3 giant cockroaches
  5 goblins (D:1)
  4 hobgoblins
  4 kobolds
  A quokka (D:1)
  A ball python (D:1)
  A frilled lizard (D:1)
  3 rats (D:1)
28 creatures vanquished.

Notes
Turn   | Place    | Note
-------+----------+-------------------------------------------
     0 | D:1      | Holzbalken the Demonspawn Gladiator began the quest for the
                  | Orb.
     0 | D:1      | Reached XP level 1. HP: 16/16 MP: 1/1
   117 | D:1      | Reached skill level 3 in Axes
   242 | D:1      | Gained mutation: You are partially covered in sharp spines.
                  | [demonic ancestry]
   242 | D:1      | Reached XP level 2. HP: 17/22 MP: 2/2
   331 | D:1      | Found a faded altar of an unknown god.
   334 | D:1      | Noticed a great orb of eyes
   344 | D:1      | Noticed a golden eye
   347 | D:1      | Noticed a shining eye
   347 | D:1      | Noticed a floating eye
  1174 | D:2      | Reached XP level 3. HP: 27/27 MP: 3/3
  1194 | D:2      | Reached skill level 4 in Axes
  1325 | D:2      | Noticed Terence
  1331 | D:2      | Frozen to death by an endoplasm

Illustrated notes

Levels and vault maps discovered:
D:1:      tarquinn_simple_flora_water_e, layout_basic,
          hellmonk_ecumenical_altar_watching_god, moated_statue
D:2:      layout_basic, chequers_big_river, minmay_statues_item, uniq_terence

Skill      XL: |  1  2  3 |
---------------+----------+-----
Axes           | 3 4 |  4.0
Fighting       | |  2.0
Throwing       | |  1.7
Dodging        | |  2.6

Action                   || total
-------------------------++-------
Melee: War axe           ||    65
       Punch             ||     1
 Stab: Sleeping          ||     1
Armor: Leather armour    ||    17
       Chain mail        ||     1
Dodge: Dodged            ||    35
